 Dungeon Crawl Stone Soup version 0.29.1-12-g30fa7ad0bf (webtiles) character file.

Game seed: 1322937256679811099

321344 concernfroge the Earth Mage (level 20, -1/147 HPs)
             Began as a Demonspawn Necromancer on Jan 7, 2023.
             Was the Champion of Nemelex Xobeh.
             Blown up by a conjurer statue (76 damage)
             ... with an orb of destruction
             ... in a wizard's laboratory on Jan 8, 2023.
             The game lasted 05:35:11 (64541 turns).

concernfroge the Earth Mage (DsNe)                 Turns: 64541, Time: 05:35:11

Health: -1/147     AC: 15    Str: 19    XL:     20   Next: 64%
Magic:  21/36      EV: 10    Int: 28    God:    Nemelex Xobeh [******]
Gold:   562        SH: 23    Dex: 18    Spells: 2/43 levels left

rFire   + . .      SeeInvis +   b - +5 falchion of Zuuqiev {venom, Will- Str+10 Int+5 Dex-2}
rCold   + . .      Faith    +   n - +5 kite shield "Xialufy" {*Slow rElec Dex+4}
rNeg    + . .      Spirit   .   i - +5 ring mail {rF+}
rPois   +          Reflect  .   (helmet unavailable)
rElec   +          Harm     .   (cloak unavailable)
rCorr   +          Rampage  .   C - +2 pair of gloves
Will    +....                   (boots unavailable)
Stlth   +++.......              z - amulet "Tidauc" {Faith rC+}
HPRegen 0.34/turn               y - ring "Pibram" {rPois Slay+4 SInv}
MPRegen 0.25/turn               D - ring "Unonas" {rN+ Will+ rCorr Stlth+}

@: no status effects
A: antennae 3, hooves 3, powered by death 3, augmentation 1, condensation
shield, weakness stinger 3
}: 2/15 runes: decaying, gossamer
a: Renounce Religion, Draw Escape, Draw Destruction, Draw Summoning, Triple
Draw, Deal Four, Stack Five


You were in a wizard's laboratory.
You worshipped Nemelex Xobeh.
Nemelex Xobeh was exalted by your worship.
You visited 8 branches of the dungeon, and saw 37 of its levels.
You visited the Abyss 1 time.
You also visited: Wizlab.

You collected 4059 gold pieces.
You spent 3497 gold pieces at shops.

Inventory:

Hand Weapons
 b - the +5 falchion of Zuuqiev (weapon) {venom, Will- Str+10 Int+5 Dex-2}
   (You found it on level 11 of the Dungeon)

   It poisons the flesh of those it strikes.
   Str:       It affects your strength (+10).
   Int:       It affects your intelligence (+5).
   Dex:       It affects your dexterity (-2).
   Will:      It decreases your willpower.
Missiles
 F - 7 javelins
 Q - 12 silver javelins
 U - a throwing net
Armour
 i - a +5 ring mail of fire resistance (worn)
 n - the +5 kite shield "Xialufy" (worn) {*Slow rElec Dex+4}
   (You took it off Donald on level 2 of the Orcish Mines)

   Dex:       It affects your dexterity (+4).
   rElec:     It insulates you from electricity.
   *Slow:     It may slow you when you take damage.
 C - a +2 pair of gloves (worn)
Magical Staves
 a - a staff of death
Jewellery
 y - the ring "Pibram" (left hand) {rPois Slay+4 SInv}
   (You acquired it on level 5 of the Dungeon)

   [ring of slaying]

   Slay:      It affects your accuracy & damage with ranged weapons and melee
   (+4).
   rPois:     It protects you from poison.
   SInv:      It lets you see invisible.
 z - the amulet "Tidauc" (around neck) {Faith rC+}
   (You acquired it on level 5 of the Dungeon)

   [amulet of faith]

   It allows you to gain divine favour quickly.
   rC:        It protects you from cold.
 D - the ring "Unonas" (right hand) {rN+ Will+ rCorr Stlth+}
   (You bought it in a shop on level 2 of the Orcish Mines)

   [ring of resist corrosion]

   rN:        It protects you from negative energy.
   rCorr:     It protects you from acid and corrosion.
   Will:      It increases your willpower.
   Stlth:     It makes you more stealthy.
Wands
 q - a wand of quicksilver (34)
 G - a wand of flame (15)
 M - a wand of digging (16)
 O - a wand of mindburst (8)
 R - a wand of charming (42)
 Y - a wand of roots (23)
Scrolls
 c - 7 scrolls of vulnerability
 d - 5 scrolls of blinking
 f - 6 scrolls of silence
 m - 6 scrolls of teleportation
 v - 10 scrolls of fear
 w - 2 scrolls of poison
 A - 7 scrolls of immolation
 E - 7 scrolls of amnesia
 J - 10 scrolls of identify
 K - a scroll of magic mapping
 L - 4 scrolls of butterflies
 T - 2 scrolls of summoning
Potions
 e - 13 potions of curing
 g - 2 potions of invisibility
 h - 4 potions of resistance
 j - 8 potions of brilliance
 l - 11 potions of heal wounds
 o - 4 potions of haste
 p - 11 potions of lignification
 r - 4 potions of magic
 t - 4 potions of flight
 u - 4 potions of cancellation
 B - 6 potions of attraction
 H - 2 potions of mutation
 I - 9 potions of might
 W - 10 potions of ambrosia
Miscellaneous
 k - a tin of tremorstones (2/2)
 x - a box of beasts
 N - a phantom mirror
 V - a phial of floods
 X - a condenser vane


   Skills:
 - Level 10.0 Fighting
 - Level 10.0 Armour
 - Level 1.7 Dodging
 - Level 4.0 Stealth
 - Level 14.0 Shields
 - Level 12.0 Spellcasting
 - Level 13.0 Conjurations
 - Level 14.0 Necromancy
 - Level 10.0 Translocations
 - Level 10.0 Ice Magic
 - Level 10.0 Air Magic
 - Level 15.0 Earth Magic
 - Level 10.0 Invocations
 + Level 8.0 Evocations


You had 2 spell levels left.
You knew the following spells:

 Your Spells              Type           Power      Damage    Failure   Level
a - Necrotise             Necr           100%       1d9       1%          1
b - Vampiric Draining     Necr           76%        2d11      1%          3
c - Animate Dead          Necr           76%        N/A       1%          4
d - Shock                 Conj/Air       100%       1d9       1%          1
e - Stone Arrow           Conj/Erth      100%       3d13      1%          3
f - Swiftness             Air            64%        N/A       1%          3
g - Freezing Cloud        Conj/Ice/Air   34%        6-21      2%          5
h - Borgnjor's Vile Clut  Necr/Erth      39%        N/A       1%          5
i - Sublimation of Blood  Necr           76%        N/A       1%          2
j - Dispel Undead         Necr           76%        3d25      1%          4
k - Airstrike             Air            32%        2d(5-21)  1%          4
l - Blink                 Tloc           100%       N/A       1%          2
m - Passage of Golubria   Tloc           64%        N/A       1%          4

Your spell library contained the following spells:

 Spells                   Type           Power      Damage    Failure   Level
 Foxfire                  Conj/Fire      100%       2x1d9     1%          1
 Magic Dart               Conj           100%       1d8       1%          1
 Ensorcelled Hibernation  Hex/Ice        88%        N/A       1%          2
 Passwall                 Tmut/Erth      46%        N/A       1%          2
 Poisonous Vapours        Pois/Air       88%        N/A       1%          2
 Call Imp                 Summ           16%        N/A       14%         2
 Scorch                   Fire           32%        2d6       14%         2
 Wereblood                Tmut           16%        N/A       14%         2
 Conjure Flame            Conj/Fire      52%        6-21      1%          3
 Mephitic Cloud           Conj/Pois/Air  56%        N/A       1%          3
 Ozocubu's Armour         Ice            64%        N/A       1%          3
 Teleport Other           Tloc           64%        N/A       1%          3
 Agony                    Necr           76%        N/A       1%          5
 Lightning Bolt           Conj/Air       34%        1d52      2%          5
 Portal Projectile        Hex/Tloc       88%        N/A       3%          3
 Corpse Rot               Necr/Pois/Air  57%        N/A       3%          4
 Animate Armour           Summ/Erth      100%       N/A       4%          4
 Petrify                  Tmut/Erth      56%        N/A       4%          4
 Death Channel            Necr           38%        N/A       4%          6
 Iron Shot                Conj/Erth      38%        9d8       4%          6
 Anguish                  Hex/Necr       27%        N/A       5%          4
 Flame Wave               Conj/Fire      52%        2d13      6%          4
 Sticky Flame             Conj/Fire      52%        2d7       6%          4
 Simulacrum               Ice/Necr       35%        N/A       11%         6
 Summon Ice Beast         Ice/Summ       44%        N/A       12%         4
 Confusing Touch          Hex            16%        N/A       28%         3
 Ignite Poison            Fire/Tmut/Pois 16%        N/A       28%         3
 Inner Flame              Hex/Fire       16%        N/A       28%         3
 Summon Guardian Golem    Hex/Summ       16%        N/A       28%         3
 Tukima's Dance           Hex            16%        N/A       28%         3
 Metabolic Englaciation   Hex/Ice        22%        N/A       32%         5
 Silence                  Hex/Air        22%        N/A       32%         5
 Orb of Destruction       Conj           37%        9d11      36%         7
 Statue Form              Tmut/Erth      37%        N/A       54%         6
 Olgreb's Toxic Radiance  Pois           16%        N/A       67%         4
 Ozocubu's Refrigeration  Ice            32%        4d14      78%         7
 Borgnjor's Revivificati  Necr           38%        N/A       89%         8
 Infestation              Necr           38%        N/A       89%         8
 Lehudib's Crystal Spear  Conj/Erth      38%        10d9      89%         8
 Alistair's Intoxication  Tmut/Pois      10%        N/A       95%         5
 Blade Hands              Tmut           8%         N/A       95%         5
 Summon Mana Viper        Hex/Summ       16%        N/A       95%         5
 Yara's Violent Unravell  Hex/Tmut       8%         3d5       95%         5
 Haunt                    Necr/Summ      27%        N/A       99%         7
 Spellforged Servitor     Conj/Summ      26%        N/A       99%         7
 Eringya's Noxious Bog    Tmut/Pois      8%         N/A       100%        6
 Summon Cactus Giant      Summ           8%         N/A       100%        6
 Enfeeble                 Hex            8%         N/A       100%        7
 Monstrous Menagerie      Summ           8%         N/A       100%        7
 Summon Hydra             Summ           8%         N/A       100%        7
 Ignition                 Fire           8%         3d5       100%        8
 Necromutation            Tmut/Necr      27%        N/A       100%        8
 Chain Lightning          Conj/Air       34%        3d46      100%        9
 Death's Door             Necr           38%        N/A       100%        9


Dungeon Overview and Level Annotations

Branches:
Dungeon (15/15)            Temple (1/1) D:7            Lair (5/5) D:9
  Swamp (4/4) Lair:3       Spider (4/4) Lair:3        Slime (0/5) Lair:4
    Orc (2/2) D:9             Elf (2/3) Orc:2        Vaults (4/5) D:13
  Crypt (0/3) Vaults:3     Depths (0/4) D:15         WizLab (1/1)

Altars:
Ashenzari
Cheibriados
Dithmenos
Fedhas
Gozag
Hepliaklqana
Kikubaaqudgha
Makhleb
Nemelex Xobeh
Okawaru
Qazlal
Ru
Sif Muna
Trog
Uskayaw
Vehumet
Wu Jian
Xom
Yredelemnul

Shops:
D:6 (   D:10 :   D:11 :   Orc:2 [(*=   Elf:1 ?   Elf:2 ?*   Vaults:1 !:**!
Vaults:3 (

Annotations:
D:2 Jessica
D:3 exclusion: oklob plant
D:4 Dowan, Duvessa
D:5 Grinder
Lair:3 exclusion: oklob plant
Swamp:3 Roxanne
Elf:2 4 runed translucent doors, exclusion: 4 doors WizLab exclusion: statue


Innate Abilities, Weirdness & Mutations

You have a pair of large antennae on your head. (SInv)
You have hooves in place of feet.
You regenerate a lot of health from kills.
Your magical and physical power is slightly enhanced at high health.
A meltable shield of frost defends you. (SH +4)
You have a sharp stinger which inflicts weakening toxins.


Message History

Okay, then.
A purple draconian comes into view. It is wielding a +0 trident.
A tengu conjurer comes into view.
The tengu conjurer shouts!
The purple draconian roars!
You hear a roar!
You hear a shout!
You hear a roar!
You hear a shout!
A conjurer statue comes into view.
A purple draconian comes into view. It is wielding a +0 trident.
The purple draconian breathes dispelling energy at you.
The bolt of dispelling energy hits you!
Marking area around a conjurer statue as unsafe for travelling.
Casting: Shock (safe; 1% risk of failure)
Confirm with . or Enter, or press ? or * to list all spells.
Aiming: Freezing Cloud (mildly dangerous; 2% risk of failure)
Press: ? - help, Dir - move target The purple draconian roars!
The conjurer statue conjures a glowing orb.
An orb of destruction comes into view.
Casting: Freezing Cloud (mildly dangerous; 2% risk of failure)
Confirm with . or Enter, or press ? or * to list all spells.
Aiming: Freezing Cloud (mildly dangerous; 2% risk of failure)
Press: ? - help, Dir - move target The tengu conjurer casts a spell.
The tengu conjurer conjures a globe of magical energy!
A purple draconian comes into view. It is wielding a +0 trident.
The purple draconian is engulfed in freezing vapours.
A battlesphere comes into view.
The battlesphere is engulfed in freezing vapours. x2
The purple draconian breathes dispelling energy at you.
The bolt of dispelling energy hits you!!
The battlesphere is engulfed in freezing vapours.
The purple draconian is engulfed in freezing vapours.
The purple draconian breathes dispelling energy at you.
The bolt of dispelling energy hits you!!
The purple draconian is engulfed in freezing vapours.
The purple draconian seems to slow down.
The battlesphere is engulfed in freezing vapours. x2
The orb of destruction hits you!!!!
Ouch! That really hurt!
You die...
Your body glows with a rainbow of weird colours and disappears.

##############
#§#.#.#.#.#..#
.#.#§#.#@#.#.#∩#
#..§§○○○...#§###§#
§§§§§...........#
8§§§.§§....§....#
§§☼dd§§...§.....#
§§#§§§..§§§§......#
. #*#§...§......##.
.Q###............ #
## #.#....d.....#.


You could see 2 draconians, a tengu conjurer and a battlesphere (distracted).

Vanquished Creatures
  An ancient lich (Elf:1)
  2 tentacled monstrosities (Swamp:4)
  A lich (Vaults:2)
  2 sphinxes (Vaults:3)
  2 tengu reavers (Vaults:2)
  Donald (Orc:2)
  5 emperor scorpions
  A deep elf sorcerer (Elf:1)
  3 fenstrider witches
  An orc warlord (Orc:2)
  6 vault wardens
  A ghost moth (Spider:3)
  10 broodmothers
  4 very ugly things
  10 ironbound preservers
  2 ironbound thunderhulks
  A starcursed mass (Abyss:3)
  A deep elf demonologist (Elf:1)
  A bunyip (Swamp:2)
  4 eleionomae
  4 spark wasps
  9 entropy weavers
  10 dire elephants
  A deep elf annihilator (Elf:1)
  A statue (WizLab)
  A green death (Swamp:4)
  A blizzard demon (Swamp:4)
  2 ettins (Vaults:2)
  The ghost of Jeban the Spear-Bearer, a journeyman OpFi of Gozag (Lair:5)
  3 shambling mangroves
  3 yaktaur captains (Vaults:2)
  3 ogre magi
  3 great orbs of eyes
  9 hydras
  7 boulder beetles
  A spriggan air mage (Swamp:4)
  A vault guard (Vaults:2)
  2 rakshasas (Abyss:2)
  3 radroaches
  5 alligators
  11 centaur warriors
  5 ironbound frosthearts
  A jorogumo (Spider:3)
  14 dancing weapons
  5 two-headed ogres
  3 tengu warriors (D:14)
  4 death yaks (Lair:3)
  An orc high priest (Orc:2)
  A vampire mage (Vaults:3)
  A thrashing horror (Abyss:3)
  A shock serpent (shapeshifter) (Vaults:2)
  8 deep elf knights
  A soul eater (Swamp:4)
  Nergalle (D:10)
  4 wretched stars
  The ghost of Rudyous the Trooper, a novice MiFi of Nemelex Xobeh (D:8)
  A sixfirhy (Swamp:4)
  3 death drakes
  4 skeletal warriors (D:13)
  5 goliath frogs
  9 pharaoh ants
  6 bog bodies
  8 steelbarb worms
  9 orb spiders
  9 spriggan druids
  A glowing orange brain (Vaults:1)
  A swamp dragon (Abyss:2)
  38 deep trolls
  13 ironbound convokers
  A tengu zombie (Vaults:1)
  A phantasmal warrior (Vaults:2)
  Pikel (D:7)
  2 necromancers
  7 deep elf archers
  7 lindwurms
  10 wizards
  5 harpies (Vaults:2)
  19 deep elf pyromancers
  2 orc knights (Orc:2)
  10 orc sorcerers
  3 slime creatures
  25 ugly things
  22 deep elf zephyrmancers
  4 will-o-the-wisps
  4 moths of wrath
  6 cyclopes
  2 manticores
  12 wolf spiders
  2 stone giant zombies
  2 black mambas
  5 elephants
  A human skeleton (Vaults:2)
  2 eyes of devastation (Abyss:2)
  2 gargoyles
  20 vault sentinels
  A smoke demon (Abyss:2)
  An orange demon (Abyss:2)
  18 cane toads
  Maggie (D:9)
  A storm dragon simulacrum (Abyss:2)
  An unseen horror (D:12)
  7 torpor snails
  11 komodo dragons
  3 kobold demonologists
  11 rime drakes
  A freezing wraith (Vaults:2)
  6 demonic crawlers
  15 yaktaurs
  4 tengu conjurers (D:13)
  2 ancient zymes
  A merfolk (shapeshifter) (Elf:2)
  A bloated husk (Swamp:1)
  12 meliai
  Prince Ribbit (D:8)
  29 tarantellas
  19 hornets
  A queen bee (Lair:5)
  A raiju (Abyss:2)
  26 blink frogs
  7 trolls
  10 tyrant leeches
  16 dream sheep
  29 jumping spiders
  10 spriggans
  A water elemental (Elf:1)
  19 culicivoras
  4 wraiths
  9 wyverns
  2 shadows
  4 vampires
  6 fire elementals
  An elf zombie (Vaults:1)
  56 yaks
  2 chaos spawn
  59 redbacks
  A golden eye (shapeshifter) (Elf:2)
  5 basilisks
  3 fire bats (Orc:2)
  3 steam dragons
  16 vampire mosquitoes
  8 large abominations
  A neqoxec (Swamp:4)
  3 wargs (Orc:2)
  7 swamp worms
  8 small abominations
  4 hell hounds
  3 acid dragons
  12 water moccasins
  5 swamp drakes
  33 orc warriors
  An ice beast (D:8)
  2 black bears
  A human zombie (Vaults:2)
  3 sky beasts
  4 boggarts (Vaults:1)
  9 wolves
  10 ogres
  16 centaurs
  A phantom (D:5)
  5 kobold brigands
  A two-headed ogre simulacrum (D:12)
  An earth elemental (Elf:1)
  14 bullfrogs
  A human simulacrum (Vaults:1)
  A wyvern zombie (D:8)
  A cane toad simulacrum (D:12)
  A gnoll sergeant (D:9)
  4 scorpions
  8 wights
  15 killer bees
  3 howler monkeys (D:11)
  2 electric eels
  A lava snake (D:8)
  A bullfrog zombie (Lair:5)
  A centaur zombie (D:8)
  Crazy Yiuf (D:2)
  10 jellies
  21 orc priests
  5 hounds
  2 gnoll boudas
  4 iguanas
  Natasha (thrice) (D:3)
  A troll simulacrum (D:12)
  5 hell rats (D:14)
  20 orc wizards
  3 spriggan simulacra (D:12)
  9 adders
  14 gnolls
  2 naga simulacra (D:12)
  A white imp (D:6)
  An ufetubus (D:6)
  2 worms
  3 dart slugs
  65 orcs
  4 ball pythons
  8 bats
  10 endoplasms
  4 giant cockroaches
  6 goblins
  3 hobgoblins (D:1)
  2 jackals (D:1)
  10 kobolds
  2 quokkas (D:2)
  3 frilled lizards
  6 rats
  2 briar patches (Swamp:4)
1335 creatures vanquished.

Vanquished Creatures (collateral kills)
  Jorgrun (D:15)
  A tentacled monstrosity (Swamp:4)
  Gastronok (D:9)
  2 thorn hunters
  The ghost of WillGOAT the Severer, a journeyman MiBe of Trog (Swamp:4)
  2 fenstrider witches (Swamp:4)
  An ironbound preserver (Vaults:2)
  2 eleionomae
  3 bunyips (Swamp:4)
  A hydra (Swamp:4)
  A ghost crab (Swamp:4)
  2 alligators (Swamp:4)
  A spriggan berserker (Swamp:4)
  2 spriggan druids (Swamp:4)
  2 goliath frogs
  3 deep trolls (Vaults:2)
  A bog body (Lair:3)
  A deep elf zephyrmancer (Swamp:4)
  A wolf spider (Spider:4)
  2 will-o-the-wisps (Swamp:4)
  A cane toad (Lair:5)
  A yaktaur (Vaults:2)
  2 trolls (Orc:2)
  A polar bear (Lair:2)
  2 tyrant leeches
  2 hornets (Swamp:4)
  5 blink frogs
  2 spriggans (Swamp:4)
  8 yaks
  A neqoxec (Swamp:4)
  2 wargs (Orc:2)
  A swamp worm (Swamp:4)
  A water moccasin (Lair:2)
  An orc warrior (Orc:2)
  A bullfrog (Lair:5)
  A kobold brigand (D:9)
  A killer bee (D:10)
  A jelly (Lair:4)
  A gnoll (D:5)
  4 orcs
  A jackal (D:1)
  3 briar patches (Swamp:4)
74 creatures vanquished.

Vanquished Creatures (others)
  A thorn hunter (Swamp:4)
  A deep elf zephyrmancer (Elf:2)
  A tyrant leech (Swamp:4)
  A cane toad zombie (Lair:5)
  2 dream sheep zombies (Lair:3)
  A blink frog zombie (Lair:5)
  A vampire mosquito zombie (Lair:5)
  A water moccasin zombie (Lair:3)
  11 yak zombies
  3 bullfrog zombies (Lair:5)
  2 orc wizards (D:6)
  5 killer bee zombies (D:10)
  3 orc zombies (D:6)
  A gnoll zombie (D:7)
  3 kobold zombies (D:7)
  2 briar patches (Swamp:3)
  20 foxfires
  96 fungi
  145 plants
  16 toadstools (D:3)
316 creatures vanquished.

Grand Total: 1725 creatures vanquished

Notes
Turn   | Place    | Note
-------+----------+-------------------------------------------
     0 | D:1      | concernfroge the Demonspawn Necromancer began the quest for
                  | the Orb.
     0 | D:1      | Reached XP level 1. HP: 13/13 MP: 3/3
   201 | D:1      | Gained mutation: You regenerate a little health from kills.
                  | [demonic ancestry]
   201 | D:1      | Reached XP level 2. HP: 17/19 MP: 0/5
   401 | D:1      | Found a faded altar of an unknown god.
   840 | D:2      | Reached skill level 5 in Necromancy
   840 | D:2      | Reached XP level 3. HP: 21/24 MP: 0/7
   983 | D:2      | Learned a level 3 spell: Vampiric Draining
  1087 | D:2      | Noticed Jessica
  1350 | D:3      | Found a shadowy altar of Dithmenos.
  1407 | D:3      | Noticed Natasha
  1410 | D:3      | Killed Natasha
  1411 | D:3      | Reached XP level 4. HP: 30/30 MP: 2/8
  2013 | D:3      | Found a blossoming altar of Fedhas.
  2013 | D:3      | Noticed Natasha
  2016 | D:3      | Killed Natasha
  2101 | D:3      | Noticed an oklob plant
  2250 | D:3      | Noticed Natasha
  2255 | D:3      | Killed Natasha
  2256 | D:3      | Gained mutation: A meltable shield of frost defends you.
                  | (SH +4) [demonic ancestry]
  2256 | D:3      | Reached XP level 5. HP: 27/35 MP: 3/10
  2562 | D:4      | Noticed Dowan
  2573 | D:5      | Entered Level 5 of the Dungeon
  2582 | D:5      | Noticed an ogre
  3015 | D:2      | Reached skill level 1 in Fighting
  3137 | D:2      | Found a runed translucent door.
  3138 | D:2      | Noticed Crazy Yiuf
  3144 | D:2      | Killed Crazy Yiuf
  3307 | D:4      | Got the Tome of Conflict and the Pyre
  3486 | D:4      | Noticed Duvessa
  3542 | D:5      | Discovered your monstrous ancestry.
  3542 | D:5      | Gained mutation: You have a pair of small antennae on your
                  | head. [demonic ancestry]
  3542 | D:5      | Reached XP level 6. HP: 46/46 MP: 5/12
  3546 | D:5      | Identified 2 scrolls of acquirement
  3546 | D:5      | Acquired the ring "Pibram" {rPois Slay+4 SInv}
  3857 | D:5      | Acquired the amulet "Tidauc" {Faith rC+}
  3872 | D:5      | Acquired a staff of death
  4152 | D:5      | Noticed a two-headed ogre
  4161 | D:5      | Killed a two-headed ogre
  4162 | D:5      | Gained mutation: You regenerate health from kills. [demonic
                  | ancestry]
  4162 | D:5      | Reached XP level 7. HP: 32/54 MP: 11/13
  4162 | D:5      | Gained mutation: You have a small tail. [demonic ancestry]
  4162 | D:5      | Reached XP level 8. HP: 36/60 MP: 11/14
  4167 | D:5      | Learned a level 4 spell: Animate Dead
  4646 | D:5      | Noticed Grinder
  5543 | D:6      | Found Badas's Weapon Boutique.
  5555 | D:6      | Learned a level 1 spell: Shock
  5599 | D:6      | Noticed a two-headed ogre
  5667 | D:6      | Killed a two-headed ogre
  5668 | D:6      | Reached skill level 10 in Necromancy
  5668 | D:6      | Gained mutation: You have large cloven feet. [demonic
                  | ancestry]
  5668 | D:6      | Reached XP level 9. HP: 65/65 MP: 1/15
  5988 | D:6      | Found a sparkling altar of Nemelex Xobeh.
  5988 | D:6      | Found a snail-covered altar of Cheibriados.
  6170 | D:6      | Became a worshipper of Nemelex Xobeh the Trickster
  6344 | D:6      | Reached skill level 1 in Invocations
  6720 | D:6      | Reached skill level 5 in Invocations
  6870 | D:6      | Found a hide-covered altar of Uskayaw.
  6969 | D:7      | Found a burning altar of Makhleb.
  7317 | D:7      | Found a staircase to the Ecumenical Temple.
  7326 | Temple   | Entered the Ecumenical Temple
  7941 | D:7      | Reached * piety under Nemelex Xobeh
  8106 | D:7      | Received a gift from Nemelex Xobeh
  8107 | D:7      | Noticed Pikel
  8114 | D:7      | Killed Pikel
  8136 | D:7      | Gained mutation: You have a pair of antennae on your head.
                  | [demonic ancestry]
  8136 | D:7      | Reached XP level 10. HP: 48/71 MP: 2/17
  8630 | D:8      | Reached skill level 10 in Invocations
  8674 | D:8      | Found a runed translucent gate.
  8674 | D:8      | Found a runed translucent gate.
  8674 | D:8      | Found a runed translucent gate.
  8674 | D:8      | Noticed Rudyous's ghost (novice MiFi)
  8711 | D:8      | Received a gift from Nemelex Xobeh
  8916 | D:8      | Found a basalt altar of Yredelemnul.
  8957 | D:8      | Noticed Prince Ribbit
  8967 | D:8      | Reached skill level 5 in Air Magic
  8979 | D:8      | Killed Prince Ribbit
  9105 | D:8      | Learned a level 3 spell: Stone Arrow
  9148 | D:8      | Reached skill level 1 in Earth Magic
  9177 | D:8      | Reached ** piety under Nemelex Xobeh
  9846 | D:9      | Found a staircase to the Lair.
  9846 | D:9      | Noticed an elephant
  9849 | D:9      | Killed an elephant
  9850 | D:9      | Reached skill level 4 in Earth Magic
  9878 | D:9      | Noticed Maggie
  9884 | D:9      | Killed Maggie
  9885 | D:9      | Reached skill level 5 in Earth Magic
  9895 | D:9      | Reached skill level 6 in Earth Magic
 10057 | D:9      | Reached skill level 5 in Conjurations
 10385 | D:9      | Noticed Gastronok
 10402 | D:9      | Killed Gastronok
 10403 | D:9      | Reached skill level 5 in Spellcasting
 10403 | D:9      | Reached XP level 11. HP: 17/77 MP: 8/18
 10836 | D:9      | Found a staircase to the Orcish Mines.
 10927 | D:9      | Noticed a two-headed ogre
 10933 | D:9      | Learned a level 3 spell: Swiftness
 10962 | D:9      | Killed a two-headed ogre
 11636 | D:10     | Entered Level 10 of the Dungeon
 11645 | D:10     | Reached skill level 5 in Fighting
 11893 | D:10     | Found Naociqac's Vocational Training.
 12077 | D:10     | Learned a level 5 spell: Freezing Cloud
 12162 | D:10     | Received a gift from Nemelex Xobeh
 12250 | D:10     | Noticed Nergalle
 12259 | D:10     | Killed Nergalle
 12919 | D:10     | Found an iron altar of Okawaru.
 13234 | D:11     | Reached *** piety under Nemelex Xobeh
 13309 | D:11     | Found Diemomod's Book Shoppe.
 13315 | D:11     | Bought a book of Unlife for 432 gold pieces
 13457 | D:11     | Noticed Josephine
 13460 | D:11     | Noticed Josephine
 13460 | D:11     | Josephine changed into Josephine the steelbarb worm
 13466 | D:11     | Killed Josephine the steelbarb worm
 13467 | D:11     | Reached skill level 5 in Ice Magic
 13721 | D:11     | Noticed a wizard
 13722 | D:11     | Killed a wizard
 13728 | D:11     | Noticed a large abomination
 13728 | D:11     | Noticed a large abomination
 13747 | D:11     | Killed a large abomination
 13751 | D:11     | Killed a large abomination
 13752 | D:11     | Gained mutation: You have a tail ending in a sharp stinger.
                  | [demonic ancestry]
 13752 | D:11     | Reached XP level 12. HP: 72/88 MP: 2/21
 14125 | D:11     | Got Nozxoeru's Compilation of the Feathery Chill
 14130 | D:11     | Identified the +5 falchion of Zuuqiev {venom, Will- Str+10
                  | Int+5 Dex-2}
 14604 | D:11     | Got the Directory of Dark Mysteries
 15059 | Lair:1   | Entered Level 1 of the Lair of Beasts
 15327 | Lair:1   | Reached **** piety under Nemelex Xobeh
 15375 | Lair:1   | Noticed a five-headed hydra
 15381 | Lair:1   | Killed a five-headed hydra
 15663 | Lair:1   | Received a gift from Nemelex Xobeh
 16041 | Lair:1   | Received a gift from Nemelex Xobeh
 16539 | Lair:2   | Received a gift from Nemelex Xobeh
 17260 | Lair:2   | Received a gift from Nemelex Xobeh
 18152 | Lair:3   | Reached ***** piety under Nemelex Xobeh
 18225 | Lair:3   | Received a gift from Nemelex Xobeh
 18462 | Lair:3   | Gained mutation: You have hoof-like feet. [demonic
                  | ancestry]
 18462 | Lair:3   | Reached XP level 13. HP: 93/93 MP: 13/25
 18577 | Lair:3   | Found a hole to the Spider Nest.
 19530 | Lair:3   | Received a gift from Nemelex Xobeh
 19591 | Lair:3   | Reached skill level 10 in Conjurations
 20093 | Lair:3   | Found a staircase to the Swamp.
 20548 | Lair:4   | Reached skill level 10 in Ice Magic
 20554 | Lair:4   | Learned a level 5 spell: Borgnjor's Vile Clutch
 20946 | Lair:4   | Received a gift from Nemelex Xobeh
 21254 | Lair:4   | Reached skill level 7 in Earth Magic
 21675 | Lair:4   | Found a staircase to the Slime Pits.
 21714 | Lair:4   | Reached skill level 8 in Earth Magic
 22392 | Lair:4   | Received a gift from Nemelex Xobeh
 22454 | Lair:5   | Entered Level 5 of the Lair of Beasts
 22573 | Lair:5   | Noticed Jeban's ghost (journeyman OpFi)
 22593 | Lair:5   | Identified the ring "Ettutian" {rN+ Dex+6}
 22869 | Lair:5   | Reached skill level 10 in Spellcasting
 22869 | Lair:5   | Gained mutation: You regenerate a lot of health from kills.
                  | [demonic ancestry]
 22869 | Lair:5   | Reached XP level 14. HP: 84/100 MP: 14/28
 23587 | Lair:5   | Found a transporter.
 23590 | Lair:5   | Found a transporter.
 24219 | Lair:5   | Received a gift from Nemelex Xobeh
 24568 | Lair:5   | Received a gift from Nemelex Xobeh
 25340 | D:12     | Reached skill level 1 in Armour
 25345 | D:12     | Reached ****** piety under Nemelex Xobeh
 25893 | D:12     | Found Laottaul's Jewellery Boutique.
 26606 | Orc:1    | Entered Level 1 of the Orcish Mines
 26933 | Orc:1    | Received a gift from Nemelex Xobeh
 27453 | Orc:2    | Entered Level 2 of the Orcish Mines
 27454 | Orc:2    | Identified the +5 kite shield "Xialufy" {*Slow rElec Dex+4}
 27454 | Orc:2    | Noticed Donald
 27457 | Orc:2    | Killed Donald
 27458 | Orc:2    | Reached skill level 10 in Fighting
 27745 | Orc:2    | Found a staircase to the Elven Halls.
 27746 | Orc:2    | Received a gift from Nemelex Xobeh
 27807 | Orc:2    | Found Puthruicw's Jewellery Shop.
 27880 | Orc:2    | Reached skill level 5 in Armour
 28700 | Orc:2    | Found Man Heol's General Store.
 29169 | Orc:2    | Received a gift from Nemelex Xobeh
 29403 | Orc:2    | Found a shimmering blue altar of Sif Muna.
 29468 | Orc:2    | Noticed an orc warlord
 29475 | Orc:2    | Killed an orc warlord
 29787 | Orc:2    | Found Xihi's Antique Armour Emporium.
 29802 | Orc:2    | Received a gift from Nemelex Xobeh
 29803 | Orc:2    | Found Ungoit's Antique Weapon Boutique.
 30267 | Orc:2    | Bought an ivory flail for 297 gold pieces
 30267 | Orc:2    | Identified the +6 flail "Lutwi" {holy, Fragile rN+ Str+4}
                  | (You bought it in a shop on level 2 of the Orcish Mines)
 30281 | Orc:2    | Bought a pair of glowing gloves for 232 gold pieces
 30296 | Orc:2    | Bought a shiny ring mail for 217 gold pieces
 30330 | Orc:2    | Bought the ring "Unonas" {rN+ Will+ rCorr Stlth+} for 554
                  | gold pieces
 30740 | D:13     | Reached skill level 1 in Shields
 30793 | D:13     | Received a gift from Nemelex Xobeh
 31034 | D:13     | Gained mutation: You have a pair of large antennae on your
                  | head. (SInv) [demonic ancestry]
 31034 | D:13     | Reached XP level 15. HP: 115/115 MP: 16/29
 32206 | D:13     | Found a gate to the Vaults.
 32460 | D:14     | Received a gift from Nemelex Xobeh
 32836 | D:14     | Reached skill level 5 in Shields
 33019 | D:14     | Received a gift from Nemelex Xobeh
 34304 | D:15     | Entered Level 15 of the Dungeon
 34432 | D:15     | Received a gift from Nemelex Xobeh
 34563 | D:15     | Noticed Jorgrun
 34568 | D:15     | Killed Jorgrun
 34693 | D:15     | Found a staircase to the Depths.
 34693 | D:15     | Noticed an emperor scorpion
 34703 | D:15     | Killed an emperor scorpion
 35071 | D:15     | Received a gift from Nemelex Xobeh
 35712 | Swamp:1  | Entered Level 1 of the Swamp
 35712 | Swamp:1  | Noticed a fenstrider witch
 35714 | Swamp:1  | Paralysed by a fenstrider witch for 5 turns
 35724 | Swamp:1  | Killed a fenstrider witch
 36076 | Swamp:1  | Received a gift from Nemelex Xobeh
 36251 | Swamp:1  | Received a gift from Nemelex Xobeh
 36628 | Swamp:1  | Reached skill level 10 in Shields
 36838 | Swamp:1  | Reached XP level 16. HP: 122/122 MP: 15/30
 37873 | Swamp:2  | Reached skill level 10 in Armour
 37956 | Swamp:2  | Received a gift from Nemelex Xobeh
 38446 | Swamp:3  | Received a gift from Nemelex Xobeh
 38930 | Swamp:3  | Noticed a thorn hunter
 38931 | Swamp:3  | a thorn hunter changed into a shambling mangrove
 38938 | Swamp:3  | Noticed a thorn hunter
 38955 | Swamp:3  | Killed a thorn hunter
 39233 | Swamp:3  | Noticed Roxanne
 39306 | Swamp:3  | Received a gift from Nemelex Xobeh
 39601 | Spider:1 | Entered Level 1 of the Spider Nest
 39761 | D:11     | Bought a book of Blood for 336 gold pieces
 39764 | D:11     | Learned a level 2 spell: Sublimation of Blood
 40431 | Spider:1 | Received a gift from Nemelex Xobeh
 40506 | Spider:1 | Learned a level 4 spell: Dispel Undead
 40890 | Spider:1 | Learned a level 4 spell: Airstrike
 42547 | Spider:2 | Identified the +7 halberd "Ziqoidomn" {pain, rF- rN+ Int+4}
 43235 | Spider:2 | Received a gift from Nemelex Xobeh
 44042 | Spider:3 | Received a gift from Nemelex Xobeh
 44660 | Spider:3 | Reached XP level 17. HP: 128/128 MP: 11/31
 45439 | Spider:3 | Received a gift from Nemelex Xobeh
 45719 | Spider:4 | Entered Level 4 of the Spider Nest
 45793 | Spider:4 | Acquired a manual of Earth Magic
 45802 | Spider:4 | Received a gift from Nemelex Xobeh
 46344 | Spider:4 | Reached skill level 9 in Earth Magic
 46676 | Spider:4 | Received a gift from Nemelex Xobeh
 46760 | Spider:4 | Reached skill level 10 in Earth Magic
 46898 | Spider:4 | Reached skill level 11 in Earth Magic
 47736 | Spider:4 | Reached skill level 12 in Earth Magic
 48202 | Spider:4 | Reached skill level 13 in Earth Magic
 48713 | Spider:4 | Reached skill level 14 in Earth Magic
 49068 | Spider:4 | Got a gossamer rune of Zot
 49350 | Swamp:4  | Entered Level 4 of the Swamp
 49511 | Swamp:4  | Found a runed translucent gate.
 49607 | Swamp:4  | Found a runed translucent gate.
 49608 | Swamp:4  | Received a gift from Nemelex Xobeh
 49608 | Swamp:4  | Found a runed translucent gate.
 49614 | Swamp:4  | Identified the +4 demon trident of the Other Side {flame,
                  | Fly rCorr Str-4 Dex+6}
 49619 | Swamp:4  | Noticed WillGOAT's ghost (journeyman MiBe)
 49620 | Swamp:4  | Noticed a tentacled monstrosity
 49654 | Swamp:4  | Gained mutation: You have a sharp stinger which inflicts
                  | weakening toxins. [demonic ancestry]
 49654 | Swamp:4  | Reached XP level 18. HP: 134/134 MP: 14/32
 49674 | Swamp:4  | Paralysed by a fenstrider witch for 5 turns
 49773 | Swamp:4  | Noticed a tentacled monstrosity
 49781 | Swamp:4  | Killed a tentacled monstrosity
 50637 | Swamp:4  | Noticed a tentacled monstrosity
 50647 | Swamp:4  | Killed a tentacled monstrosity
 50819 | Swamp:4  | Received a gift from Nemelex Xobeh
 51072 | Swamp:4  | Paralysed by a fenstrider witch for 5 turns
 51204 | Swamp:4  | Got a decaying rune of Zot
 51411 | Swamp:4  | Killed a tentacled monstrosity
 51413 | Swamp:4  | Killed WillGOAT's ghost
 51621 | D:8      | Killed Rudyous's ghost
 51868 | Lair:5   | Killed Jeban's ghost
 52295 | Elf:1    | Entered Level 1 of the Elven Halls
 52457 | Elf:1    | Found Depsos's Magic Scroll Shop.
 52600 | Elf:1    | Received a gift from Nemelex Xobeh
 53328 | Elf:1    | Identified the amulet "Uthrue" {Faith Rampage Dex+6}
 53339 | Elf:1    | Identified the ring "Miphem" {Fire rCorr}
 53569 | Elf:1    | Received a gift from Nemelex Xobeh
 53630 | Elf:1    | Noticed an ancient lich
 53639 | Elf:1    | Killed an ancient lich
 53994 | Elf:1    | Received a gift from Nemelex Xobeh
 54040 | Elf:1    | Got Zatser's Foundations of Sorcery
 54322 | Elf:2    | Found Zosuask's General Store.
 54371 | Elf:2    | Bought a potion of curing for 51 gold pieces
 54392 | Elf:2    | Reached skill level 1 in Evocations
 54611 | Elf:2    | Found Magum's Magic Scroll Shop.
 55090 | Elf:2    | Gained mutation: Your magical and physical power is
                  | slightly enhanced at high health. [demonic ancestry]
 55090 | Elf:2    | Reached XP level 19. HP: 135/140 MP: 29/35
 55280 | Elf:2    | Found a large runed translucent door.
 55280 | Elf:2    | Found a large runed translucent door.
 55306 | Elf:2    | Found a large runed translucent door.
 55306 | Elf:2    | Found a large runed translucent door.
 55871 | Vaults:1 | Entered Level 1 of the Vaults
 56132 | Vaults:1 | Reached skill level 5 in Evocations
 56626 | Vaults:1 | Found Huajuoci's Assorted Antiques.
 56649 | Vaults:1 | Received a gift from Nemelex Xobeh
 56659 | Vaults:1 | Found Barou's Distillery.
 56664 | Vaults:1 | Bought a potion of curing for 36 gold pieces
 56664 | Vaults:1 | Bought a potion of heal wounds for 60 gold pieces
 56664 | Vaults:1 | Bought a potion of curing for 36 gold pieces
 56664 | Vaults:1 | Bought a potion of heal wounds for 60 gold pieces
 56664 | Vaults:1 | Bought a potion of brilliance for 48 gold pieces
 56669 | Vaults:1 | Identified the +2 trident of Fear {freeze, Int+4}
 57431 | Vaults:1 | Found Nudixi's General Store.
 57481 | Vaults:1 | Bought a scroll of enchant armour for 127 gold pieces
 57481 | Vaults:1 | Bought a scroll of teleportation for 51 gold pieces
 57481 | Vaults:1 | Bought a scroll of magic mapping for 127 gold pieces
 57874 | Vaults:1 | Received a gift from Nemelex Xobeh
 58202 | Vaults:1 | Found Wuer's Distillery.
 58207 | Vaults:1 | Found Busony's Book Shoppe.
 58210 | Vaults:1 | Bought a potion of heal wounds for 65 gold pieces
 58217 | Vaults:1 | Bought the Meditations on Orientation and the Geologist for
                  | 288 gold pieces
 58217 | Vaults:1 | Bought Great Wizards, Vol. VII for 480 gold pieces
 58220 | Vaults:1 | Learned a level 2 spell: Blink
 58225 | Vaults:1 | Learned a level 4 spell: Passage of Golubria
 58422 | Vaults:2 | Reached skill level 1 in Translocations
 58422 | Vaults:2 | Reached skill level 10 in Air Magic
 58448 | Vaults:2 | Identified the -2 hand axe "Ikeniry" {pain, Dex+3 SInv}
 59044 | Vaults:2 | Received a gift from Nemelex Xobeh
 59077 | Vaults:2 | Reached skill level 5 in Translocations
 59496 | Vaults:2 | Identified the +2 leather armour "Xatt" {Harm Stlth+}
 59627 | Vaults:2 | Found the +9 heavy crossbow "Sniper" {vorpal, Acc+∞ SInv}
 59713 | Vaults:2 | Received a gift from Nemelex Xobeh
 60074 | Vaults:2 | Gained mutation: You have hooves in place of feet. [demonic
                  | ancestry]
 60074 | Vaults:2 | Reached XP level 20. HP: 147/147 MP: 16/36
 60321 | Vaults:2 | Received a gift from Nemelex Xobeh
 60648 | Vaults:2 | Received a gift from Nemelex Xobeh
 61086 | Abyss:2  | Cast into level 2 of the Abyss (a wizard)
 61105 | Abyss:2  | Received a gift from Nemelex Xobeh
 61241 | Abyss:2  | Found a corrupted altar of Lugonu.
 61369 | Abyss:2  | Found a corrupted altar of Lugonu.
 61755 | Abyss:3  | Received a gift from Nemelex Xobeh
 61910 | Vaults:3 | Escaped the Abyss
 62148 | Vaults:3 | Found Katuar's Antique Weapon Emporium.
 62207 | Vaults:3 | Reached skill level 10 in Translocations
 62870 | Vaults:3 | Received a gift from Nemelex Xobeh
 63101 | Vaults:3 | Received a gift from Nemelex Xobeh
 63365 | Vaults:3 | Found a staircase to the Crypt.
 63709 | Vaults:3 | Received a gift from Nemelex Xobeh
 64159 | Vaults:3 | Received a gift from Nemelex Xobeh
 64465 | Vaults:4 | Found a magical portal.
 64479 | WizLab   | Entered Iskenderun's Mystic Tower
 64531 | WizLab   | Reached skill level 15 in Earth Magic
 64541 | WizLab   | Blown up by a conjurer statue

Illustrated notes

Levels and vault maps discovered:
D:1:      tarquinn_simple_flora_water_d, layout_rooms,
          shapermc_ecumenical_altar_flowoftime
D:2:      layout_basic, uniq_jessica, uniq_crazy_yiuf_cottage
D:3:      layout_loops_ring, tgw_fedhas, nicolae_dithmenos_shadow_blocks,
          serial_glass, glass_columns_a, glass_columns_a, glass_columns_a,
          glass_columns_b, glass_columns_b, glass_columns_a, uniq_natasha
D:4:      layout_cave_pools, uniq_duvessa
D:5:      layout_basic, uniq_grinder
D:6:      kennysheep_windowed_halls, layout_basic,
          gammafunk_temple_overflow_wave, nicolae_uskayaw_suspiria,
          serial_shops, nicolae_shop_bloodbath_and_beyond
D:7:      layout_basic, old_standard_altar, minmay_temple_entry_mist,
          lightli_orcish_oven, uniq_pikel
D:8:      layout_layer_cave, nicolae_yredelemnul_ghost_church,
          chequers_arboretum, kennysheep_cluttered_room, uniq_prince_ribbit1
D:9:      layout_roguey, david_lair_generic, erik_orc_1, uniq_gastronok,
          uniq_maggie
D:10:     layout_loops_ring, mainiacjoe_overflow_catwalk,
          nicolae_shop_vocational, uniq_nergalle
D:11:     layout_loops_ring, serial_shops, shop, laboratory, uniq_josephine
D:12:     layout_gridville, portal_ice_cave_entry_ice_simulacra, serial_shops,
          shop
D:13:     layout_roguey, erik_vaults_1
D:14:     layout_roguey [special_room_orc], serial_park_gazebo
          [serial_park_minivault_5x5_7], special_room
          [special_room_mythical_zoo], library_closet
D:15:     hangedman_depths_entry_try_elsewhere_first, layout_loops_ring,
          chequers_serial_rivers_large_a, nicolae_tso_swordbearing_angel,
          uniq_jorgrun
Temple:   jpeg_temple_clearing
Lair:1:   layout_hall_layers, lemuel_fruit_fields, serial_bayou_shore_b
Lair:2:   layout_regular_city, serial_bayou_shore_b, grunt_megastairs_5
Lair:3:   layout_layer_cave, nicolae_swamp_entry_splash_gauntlet,
          spider_nest_entry_funnel_web, grunt_megastairs_2
Lair:4:   layout_regular_city, minmay_slime_entry_jelly_boxes, serial_rivers,
          chequers_serial_rivers_micro_c, chequers_serial_rivers_large_b,
          chequers_serial_rivers_micro_e, chequers_serial_rivers_small_a,
          chequers_serial_rivers_micro_b, infiniplex_staircase_pool,
          serial_bayou_shore_b
Lair:5:   minmay_lair_end_frog_pond, layout_cellular_growth,
          gammafunk_ghost_hive
Swamp:1:  layout_basic_swamp, serial_swamp_ruin, hangedman_swamp_ruin_wall,
          evilmike_swamp_ruin_house_6, swamp_pool5
Swamp:2:  layout_basic_swamp, evilmike_swamp_ruin_house_3, swamp_pool4
Swamp:3:  layout_basic_swamp, evilmike_swamp_ruin_rubble_1, uniq_roxanne
Swamp:4:  nzn_swamp_witches_coven, layout_basic_swamp, gammafunk_ghost_split
Spider:1: nicolae_spider_hilbert_zone_5 [nicolae_spider_hilbert_3_sides_1_open,
          nicolae_spider_hilbert_4_sides_1_open,
          nicolae_spider_hilbert_4_sides_1_open,
          nicolae_spider_hilbert_6_sides_1_open,
          nicolae_spider_hilbert_6_sides_1_open]
Spider:2: layout_spider_delve, hangedman_spider_trapstep
Spider:3: layout_spider_delve, hellmonk_test_site
Spider:4: hellmonk_spider_rune_endless_swarm
Orc:1:    layout_diamond_mine
Orc:2:    grunt_orc_gardens, layout_caves, grunt_orc_garden, grunt_orc_garden,
          grunt_orc_garden, grunt_orc_garden, nicolae_volcano_entry_batcave,
          kennysheep_orc_sif_temple, uniq_donald
Elf:1:    minmay_elf_arrival_summoners, layout_onion_city, serial_shops,
          nicolae_take_the_stairs, minmay_the_grid_2x2
          [minmay_the_grid_tri_star, minmay_the_grid_spikes, minmay_the_grid_x,
          minmay_the_grid_prize_trominoes]
Elf:2:    elven_hall_of_blades_hangedman_alternative
          [nicolae_blade_entry_splitting_headache], layout_geoelf_octagon,
          serial_shops, nicolae_shop_trees, shop, grunt_megastairs_3,
          lemuel_upstairs_altar
Vaults:1: nicolae_vaults_diagonal_hallway_8, hangedman_vaults_nodes,
          ontoclasm_vaults_claustrophobia, hangedman_vaults_restitches,
          nicolae_vaults_c_with_doors, nicolae_vaults_network_quinsquares
          [nicolae_vaults_network_quincunx_subvault,
          nicolae_vaults_network_quincunx_subvault,
          nicolae_vaults_network_quincunx_subvault,
          nicolae_vaults_network_quincunx_subvault], v_misc_13,
          ontoclasm_vaults_eye, v_pattern_5, layout_vaults_maze_snakey,
          serial_shops, shop, shop, nicolae_shop_behind_doors,
          nicolae_shop_trees, nicolae_shop_overgrown_old_shop
Vaults:2: vaults_room_boxed, minmay_guarded_unrand_secular_launcher,
          vaults_room_grid, v_misc_11, vaults_mumra_minichess_inversion,
          vaults_dpeg_emergency_exit, nicolae_vaults_alarming,
          layout_vaults_chaotic_city
Vaults:3: ontoclasm_vaults_gateway, v_misc_5, v_misc_23,
          minmay_crypt_entry_vampire_xt, vaults_room_pool,
          grunt_vaults_diagonal, nicolae_vaults_rhombus_7, v_alt_pattern_5,
          hangedman_vaults_maws, vaults_room_grunt_arrival_ludios,
          layout_vaults_quadrants, serial_shops, shop
Vaults:4: infiniplex_enter_wizlab_water, serial_ice_b, grunt_vaults_swirl,
          hangedman_vaults_stretched_pinwheel, ontoclasm_vaults_spin,
          st_more_cells, vaults_mumra_hex, v_misc_22, hangedman_vaults_maws,
          v_rooms_1, ontoclasm_vaults_tryst, vaults_dpeg_ring,
          ontoclasm_vaults_fault, nicolae_vaults_disjoint_gnomons,
          vaults_room_semicircle, layout_vaults_omnibox
WizLab:   wizlab_iskenderun

Skill      XL: |  1  2  3  4  5  6  7  8  9 10 11 12 13 14 15 16 17 18 19 20 |
---------------+-------------------------------------------------------------+-----
Necromancy     | 5 6 8 10 12 13 14 | 14.0
Spellcasting   | 3 4 5 6 8 10 12 | 12.0
Fighting       | 2 4 6 10 | 10.0
Stealth        | 4 |  4.0
Air Magic      | 4 5 6 7 10 | 10.0
Conjurations   | 2 4 6 9 10 11 13 | 13.0
Invocations    | 9 10 | 10.0
Earth Magic    | 6 8 14 15 | 15.0
Ice Magic      | 6 8 10 | 10.0
Armour         | 7 8 10 | 10.0
Shields        | 1 10 12 14 | 14.0
Evocations     | 2 8 |  8.0
Translocations | 7 10 | 10.0
Dodging        | |  1.7

Action                   |  1- 3 |  4- 6 |  7- 9 | 10-12 | 13-15 | 16-18 | 19-21 || total
-------------------------+-------+-------+-------+-------+-------+-------+-------++-------
Melee: Spear             |    26 |     3 |     8 |       |       |       |       ||    37
       Quarterstaff      |       |     3 |       |    78 |       |       |       ||    81
       Staff             |       |       |    19 |    35 |       |       |       ||    54
       Tailslap          |       |       |     1 |    41 |    23 |    44 |    19 ||   128
       Kick              |       |       |     8 |    60 |    13 |    86 |    44 ||   211
       Falchion          |       |       |       |    70 |   136 |   231 |    84 ||   521
Throw: Javelin           |       |       |       |     7 |       |       |       ||     7
       Throwing net      |       |       |       |     1 |       |       |       ||     1
 Cast: Necrotise         |    55 |    76 |   127 |   128 |    35 |     3 |       ||   424
       Vampiric Draining |     1 |    10 |    28 |   137 |    70 |    43 |    15 ||   304
       Animate Dead      |       |       |     3 |    13 |     2 |       |       ||    18
       Shock             |       |       |     1 |    39 |    25 |     3 |       ||    68
       Stone Arrow       |       |       |       |    63 |   167 |   105 |    45 ||   380
       Swiftness         |       |       |       |     4 |     2 |       |       ||     6
       Freezing Cloud    |       |       |       |       |   189 |   171 |    98 ||   458
       Borgnjor's Vile C |       |       |       |       |    76 |   288 |   177 ||   541
       Airstrike         |       |       |       |       |       |    21 |    18 ||    39
       Sublimation of Bl |       |       |       |       |       |    55 |    35 ||    90
       Dispel Undead     |       |       |       |       |       |     5 |    11 ||    16
       Blink             |       |       |       |       |       |       |     1 ||     1
Invok: Draw Destruction  |       |       |       |    15 |    48 |    54 |     7 ||   124
       Draw Summoning    |       |       |       |     2 |     2 |    17 |     4 ||    25
       Draw Escape       |       |       |       |     3 |     6 |     9 |     1 ||    19
       Triple Draw       |       |       |       |     1 |     7 |       |     3 ||    11
       Deal Four         |       |       |       |       |     1 |     1 |     3 ||     5
Evoke: Wand              |       |       |     4 |     4 |       |       |       ||     8
       Phantom mirror    |       |       |       |       |     1 |     1 |       ||     2
  Use: Scroll            |       |    17 |     4 |     4 |    18 |     5 |     4 ||    52
       Potion            |       |     1 |     1 |       |     5 |     2 |     4 ||    13
 Stab: Distracted        |       |       |       |     4 |       |       |       ||     4
       Sleeping          |       |       |       |     1 |     2 |       |       ||     3
       Petrified         |       |       |       |       |       |     6 |       ||     6
       Held in net/web   |       |       |       |       |       |     1 |       ||     1
Armor: Robe              |     6 |     1 |     9 |       |       |       |       ||    16
       Steam dragon scal |       |       |     5 |    82 |    84 |       |       ||   171
       Ring mail         |       |       |       |       |    37 |   216 |    69 ||   322
Dodge: Dodged            |    18 |     5 |    35 |   237 |   205 |   192 |    69 ||   761
Block: Other             |       |       |    11 |    70 |    45 |       |       ||   126
       Buckler           |       |       |       |       |    34 |   262 |       ||   296
       Kite shield       |       |       |       |       |       |    86 |   295 ||   381
